 Dungeon Crawl Stone Soup version 0.16.1-7-g2c6721e (webtiles) character file.

476 jacksonaction the Stinger (level 6, -1/28 HPs)
             Began as a Spriggan Venom Mage on Mar 29, 2015.
             Killed by nerve-wracking pain
             ... invoked by Menkaure
              (10 damage)
             ... on level 4 of the Dungeon.
             The game lasted 00:41:12 (4946 turns).

jacksonaction the Stinger (Spriggan Venom Mage)     Turns: 4946, Time: 00:41:12

Health: -1/28      AC:  2    Str:  4    XL:     6   Next: 84%
Magic:  18/21      EV: 18    Int: 18    God:
Gold:   204        SH:  0    Dex: 17    Spells: 3 memorised, 6 levels left

rFire  . . .     SeeInvis +     (no weapon)
rCold  . . .     Clarity  .     a - +0 robe
rNeg   . . .     SustAb   +     (shield restricted)
rPois  .         Gourm    .     (helmet restricted)
rElec  .         Spirit   .     (no cloak)
rCorr  .         Warding  .     (gloves unavailable)
rMut   .         Stasis   .     (boots unavailable)
MR     +....                    (no amulet)
Stlth  +++.......               (no ring)
                                n - ring of sustain abilities

@: very quick, somewhat resistant to hostile enchantments, fairly stealthy
A: unfitting armour, see invisible, herbivore 3, speed 3, slow metabolism 2
a: no special abilities


You were on level 4 of the Dungeon.
You were not hungry.

You visited 1 branch of the dungeon, and saw 4 of its levels.

You collected 204 gold pieces.

Inventory:

Hand weapons
 u - a +0 blowgun
Missiles
 v - 5 curare-tipped needles
 w - 3 needles of slowing
Armour
 a - a +0 robe (worn)
Jewellery
 d - an uncursed amulet of rage {unknown}
 n - a ring of sustain abilities (left hand)
 x - an uncursed ring of flight {unknown}
Magical devices
 y - a wand of lightning (7)
Scrolls
 f - a scroll of enchant weapon {unknown}
 g - 3 scrolls of immolation {unknown}
 h - 2 scrolls of enchant armour {unknown}
 j - 2 scrolls of identify {unknown}
 k - a scroll of random uselessness {unknown}
 l - a scroll of noise {unknown}
 m - 2 scrolls of fog {unknown}
 p - 2 scrolls of remove curse {unknown}
 r - 2 scrolls of teleportation {unknown}
Potions
 e - a potion of invisibility {unknown}
 i - a potion of ambrosia {unknown}
 o - a potion of magic {unknown}
 q - a potion of heal wounds {unknown}
 s - a potion of restore abilities {unknown}
Books
 b - a Young Poisoner's Handbook

   Spells                             Type                      Level
   a - Sting                          Conjuration/Poison           1
   b - Cure Poison                    Poison                       2
   c - Mephitic Cloud                 Conjuration/Poison/Air       3
   d - Olgreb's Toxic Radiance        Poison                       4
   e - Venom Bolt                     Conjuration/Poison           5
Comestibles
 c - 3 bread rations
 t - 4 fruits


   Skills:
 - Level 3.0 Dodging
 - Level 3.3 Stealth
 + Level 5.0 Spellcasting
 * Level 2.7 Conjurations
 + Level 6.2 Poison Magic


You had 6 spell levels left.
You knew the following spells:

 Your Spells              Type           Power        Failure   Level  Hunger
a - Sting                 Conj/Pois      ###.         1%          1    None
b - Mephitic Cloud        Conj/Pois/Air  ###.....     14%         3    ##.....
c - Venom Bolt            Conj/Pois      ###.......   67%         5    ######.


Dungeon Overview and Level Annotations

Branches:
Dungeon (4/15)
 Temple: D:4-7

Altars:
Cheibriados
Vehumet
Zin

Annotations:
D:4 Menkaure


Innate Abilities, Weirdness & Mutations

You are tiny and cannot use many weapons and most armour.
You have supernaturally acute eyesight.
You are a herbivore.
You cover ground extremely quickly.
You need consume almost no food.


Message History

The adder appears confused.
Eat which item? (? for menu, Esc to quit)
Mmmm...
Yummy apricot.
Casting: Mephitic Cloud
Confirm with . or Enter, or press ? or * to list all spells.
Aiming: Sting
Press: ? - help, Shift-Dir - straight line, f/p - adder
Aim: an adder (severely wounded, bewildered and confused)
The sting hits Menkaure.
Menkaure completely resists.
Casting: Sting
Confirm with . or Enter, or press ? or * to list all spells.
Aiming: Sting
Press: ? - help, Shift-Dir - straight line, f/p - adder
Aim: an adder (severely wounded, bewildered and confused)
The sting hits Menkaure.
Menkaure appears unharmed.
Menkaure calls on the powers of darkness!
Your body is wracked with pain!
Menkaure casts a spell at you. Pain shoots through your body!
You die...

# #..§.# # #####..S.# #
#........# # #.....#........ #
#.#.#†######## # # #.#.# # #.#.#
# # #.######################### #
#...M.....@................
################################.
....................# #.
###################.############.
#.............. ###############


You could see Menkaure.

Vanquished Creatures
  An ogre (D:3)
  Sigmund (D:2)
  A scorpion (D:4)
  An iguana (D:3)
  An orc wizard (D:3)
  Ijyb (D:2)
  Terence (D:3)
  3 gnolls (D:3)
  4 adders
  A giant mite (D:3)
  5 worms
  2 giant geckos
  14 orcs (D:3)
  7 goblins
  10 hobgoblins
  A quokka (D:2)
  10 bats
  11 giant newts
  2 jackals (D:2)
  9 kobolds
  7 rats
93 creatures vanquished.

Notes
Turn   | Place    | Note
--------------------------------------------------------------
     0 | D:1      | jacksonaction, the Spriggan Venom Mage, began the quest for the Orb.
     0 | D:1      | Reached XP level 1. HP: 9/9 MP: 4/4
   497 | D:1      | Reached XP level 2. HP: 13/13 MP: 5/7
  1361 | D:2      | Reached XP level 3. HP: 16/16 MP: 2/9
  1437 | D:2      | Learned a level 3 spell: Mephitic Cloud
  1452 | D:2      | Reached skill level 5 in Poison Magic
  1736 | D:2      | Noticed Sigmund
  1755 | D:2      | Killed Sigmund
  1755 | D:2      | Reached XP level 4. HP: 21/21 MP: 1/14
  1947 | D:2      | Reached skill level 1 in Conjurations
  2002 | D:2      | Noticed Ijyb
  2014 | D:2      | Killed Ijyb
  2014 | D:2      | Reached XP level 5. HP: 24/24 MP: 1/17
  2279 | D:2      | Learned a level 5 spell: Venom Bolt
  3263 | D:3      | Noticed Terence
  3642 | D:3      | Killed Terence
  3642 | D:3      | Reached XP level 6. HP: 28/28 MP: 11/20
  3767 | D:3      | Reached skill level 6 in Poison Magic
  4036 | D:3      | Found a glowing silver altar of Zin.
  4516 | D:4      | Found a snail-covered altar of Cheibriados.
  4542 | D:4      | Found a radiant altar of Vehumet.
  4587 | D:4      | Reached skill level 5 in Spellcasting
  4724 | D:4      | Noticed Menkaure
  4946 | D:4      | Killed from afar by Menkaure

Action                   |  1- 3 |  4- 6 || total
-------------------------+-------+-------++-------
 Cast: Sting             |    66 |   177 ||   243
       Mephitic Cloud    |     2 |    18 ||    20
  Eat: Fruit             |       |     3 ||     3
